 Dungeon Crawl Stone Soup version 0.19-a0-1035-gdbfb0c6 (webtiles) character file.

238 seren the Ruffian (level 5, -9/40 HPs)
             Began as a Draconian Transmuter on July 29, 2016.
             Mangled by an iguana (11 damage)
             ... on level 4 of the Dungeon.
             The game lasted 00:17:10 (4143 turns).

seren the Ruffian (Draconian Transmuter)            Turns: 4143, Time: 00:17:10

Health: -9/40      AC:  5    Str: 13    XL:     5   Next: 78%
Magic:  16/17      EV: 12    Int: 13    God:
Gold:   184        SH:  0    Dex: 12    Spells: 2 memorised, 5 levels left

rFire  . . .     SeeInvis .       - Unarmed
rCold  . . .     Gourm    .     (armour unavailable)
rNeg   . . .     Faith    .     (no shield)
rPois  .         Spirit   .     (helmet restricted)
rElec  .         Dismiss  .     (no cloak)
rCorr  .         Reflect  .     (no gloves)
SustAt .         Harm     .     (no boots)
MR     .....                    (no amulet)
Stlth  +.........               (no ring)
                                o - ring of magical power

@: appendage, flying, very slightly contaminated, not resistant to hostile
enchantments, very unstealthy
A: unfitting armour, horns 2, cold-blooded, AC +5
a: End Transformation


You were on level 4 of the Dungeon.
You were not hungry.
You had grown temporary horns.
You visited 1 branch of the dungeon, and saw 4 of its levels.

You collected 184 gold pieces.

Inventory:

Missiles
 a - 88 arrows
 f - 126 stones (quivered)
Jewellery
 o - a ring of magical power (left hand)
Scrolls
 e - 8 scrolls of remove curse
 i - 2 scrolls of immolation {unknown}
 j - 2 scrolls of enchant armour
 n - a scroll of identify {unknown}
 p - a scroll of fog {unknown}
 s - a scroll of fear {unknown}
Potions
 d - a potion of resistance
 g - a potion of haste {unknown}
 h - a potion of magic {unknown}
 l - 2 potions of flight
 r - 2 potions of brilliance {unknown}
Books
 b - a book of Changes

   Spells                             Type                      Level
   a - Beastly Appendage              Transmutation                1
   b - Sticks to Snakes               Transmutation                2
   c - Spider Form                    Transmutation/Poison         3
   d - Ice Form                       Ice/Transmutation            4
   e - Blade Hands                    Transmutation                5
Comestibles
 c - 2 bread rations
 k - a beef jerky
 m - a meat ration
 q - 6 chunks of flesh
 t - 3 fruits


   Skills:
 - Level 1.1 Fighting
 - Level 1.7 Dodging
 - Level 6.0 Unarmed Combat
 - Level 2.0 Spellcasting
 + Level 3.2 Transmutations


You had 5 spell levels left.
You knew the following spells:

 Your Spells              Type           Power        Failure   Level  Hunger
a - Beastly Appendage     Tmut           #.....       10%         1    ##.....
b - Sticks to Snakes      Tmut           #.......     12%         2    ###....


Dungeon Overview and Level Annotations

Branches:
Dungeon (4/15)
 Temple: D:4-7

Altars:


Innate Abilities, Weirdness & Mutations

Your plain brown scales are hard. (AC +5)
Your body does not fit into most forms of armour.
You are cold-blooded and may be slowed by cold attacks.
You have a pair of horns on your head.


Message History

The iguana closely misses you.
You hit the iguana but do no damage.
You headbutt the iguana, but do no damage.
The iguana is moderately wounded.
The iguana closely misses you.
You hit the iguana but do no damage.
The iguana is moderately wounded.
The iguana bites you!
You completely miss the iguana. You punch the iguana, but do no damage.
The iguana is moderately wounded.
The iguana closely misses you.
You closely miss the iguana.
You tail-slap the iguana, but do no damage.
The iguana is moderately wounded.
The iguana bites you!
* * * LOW HITPOINT WARNING * * *
It was a potion of flight.
You feel very buoyant.
You fly up into the air.
The iguana bites you!
You die...

..................#
#..##.....###.##.##
#..##.....###.##.#
#..####..........#
#.># #######....#
#..# #..........#
#..# #)########.#
...# #.# #.# ##.
#.# #@# .. #<#
#l####.## #######.#
#r....... ........#
#..#####. ..#######
#..# #.. #.[# ###
#.%# ... ...# ..#
...<


You could see an iguana and a quokka.

Vanquished Creatures
  2 orc wizards
  An iguana (D:3)
  3 gnolls (D:2)
  2 adders (D:3)
  An ooze (D:1)
  4 worms
  2 dart slugs
  A giant gecko (D:3)
  10 orcs
  4 giant cockroaches
  10 goblins
  10 hobgoblins
  5 jackals (D:2)
  6 kobolds
  A ball python skeleton (D:4)
  8 bats
  2 giant newts
  5 rats
77 creatures vanquished.

Notes
Turn   | Place    | Note
-------+----------+-------------------------------------------
     0 | D:1      | seren the Draconian Transmuter began the quest for the Orb.
     0 | D:1      | Reached XP level 1. HP: 16/16 MP: 3/3
   273 | D:1      | Reached XP level 2. HP: 15/23 MP: 5/5
   804 | D:1      | Reached skill level 4 in Unarmed Combat
  1183 | D:2      | Reached XP level 3. HP: 27/28 MP: 6/6
  1624 | D:2      | Found a faded altar of an unknown god.
  1730 | D:2      | Learned a level 2 spell: Sticks to Snakes
  2209 | D:3      | Reached XP level 4. HP: 32/35 MP: 7/7
  2265 | D:3      | Reached skill level 5 in Unarmed Combat
  3096 | D:3      | Reached XP level 5. HP: 35/40 MP: 8/8
  3845 | D:4      | Reached skill level 6 in Unarmed Combat
  4142 | D:4      | HP: 2/40 [iguana (14)]
  4143 | D:4      | Mangled by an iguana

Vault maps used:
D:1:      dpeg_arrival_stonehenge_8_columns, minmay_misc_feat_four_crosses
D:2:      ecumenical_altar_1
D:3:      minmay_crystal_room
D:4:      first_bread, uniq_natasha

Skill      XL: |  1  2  3  4  5 |
---------------+----------------+-----
Unarmed Combat | 4 5 6 |  6.0
Transmutations | 3 |  3.2
Fighting       | |  1.1
Dodging        | |  1.7
Spellcasting   | |  2.0

Action                   |  1- 3 |  4- 6 || total
-------------------------+-------+-------++-------
Melee: Unarmed           |   163 |   159 ||   322
       Tailslap          |    22 |    19 ||    41
       Punch             |     2 |     6 ||     8
       Headbutt          |       |     2 ||     2
Throw: Stone             |       |     2 ||     2
 Cast: Sticks to Snakes  |     1 |       ||     1
       Beastly Appendage |       |     2 ||     2
  Use: Scroll            |     1 |     2 ||     3
       Potion            |       |     1 ||     1
  Eat: Chunk             |     4 |     7 ||    11
Armor: Skin              |    42 |    43 ||    85
Dodge: Dodged            |    85 |    95 ||   180
